 Dungeon Crawl Stone Soup version 0.31-a0-426-g3a05650e59 (webtiles) character file.

Game seed: 14420499912366058814

4814 CraigForest the Carver (level 10, -5/56 HPs)
             Began as a Tengu Monk on July 31, 2023.
             Was an Initiate of Gozag.
             Slain by an unseen horror (7 damage)
             ... on level 7 of the Dungeon.
             The game lasted 00:31:46 (5638 turns).

CraigForest the Carver (Tengu Monk)                 Turns: 5638, Time: 00:31:47

Health: -5/56      AC: 10    Str: 11    XL:     10   Next: 48%
Magic:  11/11      EV: 19    Int: 11    God:    Gozag
Gold:   827        SH: 12    Dex: 23    Spells: 9/9 levels left

rFire   . . .        m - +0 long sword (venom)
rCold   . . .        i - +0 kite shield
rNeg    . . .        w - +2 robe of Grace {Dex+2}
rPois   .            (helmet restricted)
rElec   .            n - +2 cloak "Pizxuagi" {Slay+3}
rCorr   +            I - +2 pair of gloves
SInv    .            (boots unavailable)
Will    +....        (no amulet)
Stlth   +++          h - ring of willpower
HPRegen 0.29/turn    b - ring of resist corrosion
MPRegen 0.12/turn

%: no passive effects
@: flying quickly and evasively, quick
A: beak, talons 3, nimble flight
a: Renounce Religion, Potion Petition, Call Merchant, Bribe Branch


You were on level 7 of the Dungeon.
You worshipped Gozag.
Gozag was pleased with you.
You visited 2 branches of the dungeon, and saw 9 of its levels.

You collected 827 gold pieces.

Inventory:

Hand Weapons
 a - a +0 falchion
 m - a +0 long sword of venom (weapon)
 u - the +1 trident of the Common Good {spect, rElec rC++ Int+3 Dex+3}
   (You found it on level 4 of the Dungeon)

   Int:       It affects your intelligence (+3).
   Dex:       It affects your dexterity (+3).
   rC:        It greatly protects you from cold.
   rElec:     It insulates you from electricity.
 B - a +0 giant club
Armour
 d - an orb of light
 i - a +0 kite shield (worn)
 k - a +0 chain mail
 n - the +2 cloak "Pizxuagi" (worn) {Slay+3}
   (You found it on level 3 of the Dungeon)

   Slay:      It affects your accuracy & damage with ranged weapons and melee
   (+3).
 w - the +2 robe of Grace (worn) {Dex+2}
   (You took it off an orc on level 5 of the Dungeon)

   Dex:       It affects your dexterity (+2).
 H - a +2 leather armour of cold resistance
 I - a +2 pair of gloves (worn)
Magical Staves
 D - a staff of fire
Jewellery
 b - a ring of resist corrosion (right hand)
 h - a ring of willpower (left hand)
 j - a ring of positive energy
 l - a ring of magical power
 K - a +6 ring of dexterity
Wands
 A - a wand of mindburst (21)
 C - a wand of quicksilver (2) (quivered)
 F - a wand of iceblast (12)
Scrolls
 e - 4 scrolls of identify
 f - a scroll of brand weapon
 o - a scroll of amnesia {unknown}
 q - a scroll of enchant armour {unknown}
 r - a scroll of teleportation
 s - a scroll of fear {unknown}
 t - a scroll of poison {unknown}
 y - a scroll of blinking {unknown}
 E - a scroll of torment {unknown}
 G - a scroll of revelation {unknown}
Potions
 c - 2 potions of ambrosia
 g - 2 potions of curing
 v - 3 potions of heal wounds
 x - a potion of lignification
 z - a potion of invisibility
 J - a potion of cancellation {unknown}


   Skills:
 - Level 4.0 Fighting
 + Level 11.0 Long Blades
 + Level 4.4 Armour
 + Level 7.5 Dodging
 + Level 2.3 Stealth
 * Level 7.8 Shields
 + Level 2.2 Evocations


You had 9 spell levels left.
You didn't know any spells.
Your spell library contained the following spells:

 Spells                   Type           Power      Damage    Failure   Level
 Foxfire                  Conj/Fire      0%         2x1d4     73%         1
 Sandblast                Erth           0%         2d4       73%         1
 Passwall                 Tmut/Erth      0%         N/A       86%         2
 Stone Arrow              Conj/Erth      0%         3d7       97%         3
 Plasma Beam              Fire/Air       0%         2x1d10    100%        6
 Starburst                Conj/Fire      0%         6d3       100%        6


Dungeon Overview and Level Annotations

Branches:
Dungeon (8/15)             Temple (1/1) D:5
   Lair: D:8-11

Altars:
Ashenzari
Cheibriados
Dithmenos
Elyvilon
Fedhas
Gozag
Kikubaaqudgha
Makhleb
Nemelex Xobeh
Okawaru
Ru
Sif Muna
Trog
Uskayaw
Vehumet
Wu Jian
Xom
Yredelemnul
Zin
The Shining One


Innate Abilities, Weirdness & Mutations

You have a beak for a mouth.
You have claws for feet.
Your magical nature lets you fly swiftly and evasively.


Message History

The cyan ugly thing pecks you but does no damage.
You closely miss the cyan ugly thing. Your kick misses the cyan ugly thing.
The cyan ugly thing is severely wounded.
You block the cyan ugly thing's attack.
You closely miss the cyan ugly thing. Your kick misses the cyan ugly thing.
The cyan ugly thing is severely wounded.
Something hits you.
Deactivating autopickup; reactivate with Ctrl-A.
You block the cyan ugly thing's attack.
You barely miss the cyan ugly thing. You claw the cyan ugly thing!
The cyan ugly thing is severely wounded.
Something barely misses you. Something hits you!
The cyan ugly thing completely misses you.
You slash the cyan ugly thing!
The cyan ugly thing looks as sick as possible!
You peck the cyan ugly thing.
The cyan ugly thing is almost dead.
You kill the cyan ugly thing!
Something hits you but does no damage.
Your Long Blades skill increases to level 11!
You see here 18 gold pieces.
You barely miss something. You claw something. You peck something.
You block something's attack. Something hits you! You block something's attack.
You barely miss something. You block something's attack.
Something barely misses you. Something hits you.
* * * LOW HITPOINT WARNING * * *
Something barely misses you.
You see here 18 gold pieces.
You hit something but do no damage. You peck something. Something hits you!
* * * LOW HITPOINT WARNING * * *
You barely miss something. Your kick misses something.
Something hits you but does no damage. Something hits you!
* * * LOW HITPOINT WARNING * * *
You see here 18 gold pieces.
Something hits you!
You die...
Your body crumbles into a pile of gold.

#...[♣♣♣....♣♣ ♣♣...♣
♣.... #.#.♣♣ ♣#♣♣..♣♣
..♣♣#.♣ ♣.#.. ..#♣.♣
♣♣..♣♣ ♣..♣ #♣...♣#.#
..#.♣♣♣♣# ♣♣..♣♣ ♣..♣
♣...♣#.# #.#.♣...#
♣♣..♣♣..♣ #.♣♣♣.#.#
#.#..♣♣.# ♣♣....♣ # #..
#)#♣♣♣.♣# ♣♣..♣♣ #.. #.#
♣.♣♣ ♣$♣♣ .# ..##### #@#
#######. #.#.##
♣♣♣♣♣{♣♣♣♣♣ ......##
#....# ♣♣♣.........♣♣♣#
#.#...# #.#..#
...............# #...#..
.....#
♣♣♣.........♣♣♣###.#<..#
.#...# ♣♣♣♣♣.♣♣♣♣♣
#......## .....#
#########.##########.####
##..##
#.................##...#
#..#
#.####....#..#..####.#.♣♣


There were no monsters in sight!

Vanquished Creatures
  A two-headed ogre (D:7)
  3 ugly things (D:7)
  A cyclops (D:7)
  A hornet (D:6)
  Eustachio (D:6)
  A steam dragon (D:7)
  Duvessa (D:6)
  A black bear (D:4)
  An orc warrior (D:8)
  2 sky beasts
  An ogre (D:7)
  2 ice beasts
  A centaur (D:6)
  A phantom (D:6)
  2 bullfrogs
  2 scorpions (D:6)
  Dowan (D:6)
  3 killer bees (D:7)
  A jelly (D:3)
  5 hounds
  5 orc priests
  A sleepcap (D:5)
  2 iguanas
  8 orc wizards
  3 gnolls (D:3)
  7 adders
  3 shadow imps
  A white imp (D:7)
  3 worms
  2 dart slugs (D:2)
  19 orcs
  7 ball pythons
  4 bats
  7 endoplasms
  3 giant cockroaches
  9 goblins
  11 hobgoblins
  5 quokkas
  4 frilled lizards
  7 kobolds
  3 rats
146 creatures vanquished.

Vanquished Creatures (others)
  An orc wizard (D:8)
1 creature vanquished.

Grand Total: 147 creatures vanquished

Notes
Turn   | Place    | Note
-------+----------+-------------------------------------------
     0 | D:1      | CraigForest the Tengu Monk began the quest for the Orb.
     0 | D:1      | Reached XP level 1. HP: 14/14 MP: 2/2
   155 | D:1      | Reached XP level 2. HP: 19/19 MP: 3/3
   557 | D:1      | Reached XP level 3. HP: 23/23 MP: 4/4
   719 | D:2      | Reached skill level 4 in Long Blades
   868 | D:2      | Reached XP level 4. HP: 7/29 MP: 5/5
   988 | D:2      | Found a faded altar of an unknown god.
  1328 | D:3      | Identified the +2 cloak "Pizxuagi" {Slay+3}
  1379 | D:3      | HP: 1/29 [gnoll/+0 halberd (11)]
  1381 | D:3      | Gained mutation: Your magical nature lets you fly swiftly
                  | and evasively. [Tengu growth]
  1381 | D:3      | Reached XP level 5. HP: 2/33 MP: 6/6
  1650 | D:3      | Reached skill level 1 in Shields
  1775 | D:3      | Reached skill level 5 in Long Blades
  2056 | D:3      | Reached skill level 1 in Armour
  2056 | D:3      | Reached XP level 6. HP: 29/38 MP: 7/7
  2611 | D:4      | Identified the +1 trident of the Common Good {spect, rElec
                  | rC++ Int+3 Dex+3}
  2687 | D:4      | Noticed a black bear
  2693 | D:4      | Killed a black bear
  2694 | D:4      | Reached skill level 6 in Long Blades
  2792 | D:4      | Noticed a sky beast
  2797 | D:4      | Killed a sky beast
  2798 | D:4      | Reached XP level 7. HP: 43/43 MP: 8/8
  3059 | D:4      | Found a sacrificial altar of Ru.
  3365 | D:5      | Entered Level 5 of the Dungeon
  3365 | D:5      | Found an opulent altar of Gozag.
  3374 | D:5      | Became a worshipper of Gozag Ym Sagoz the Greedy
  3485 | D:5      | Found a staircase to the Ecumenical Temple.
  3494 | Temple   | Entered the Ecumenical Temple
  3549 | D:5      | Identified the +2 robe of Grace {Dex+2}
  3567 | D:5      | Reached skill level 7 in Long Blades
  3580 | D:5      | HP: 1/43 [orc/+0 trident (4)]
  3821 | D:5      | Found a shimmering altar of Xom.
  3821 | D:5      | Found a shimmering altar of Xom.
  3965 | D:5      | Reached XP level 8. HP: 37/48 MP: 9/9
  4067 | D:6      | You are sucked into a shaft and drop 2 floors!
  4067 | D:8      | Found a broken altar of Ashenzari.
  4158 | D:8      | Reached skill level 1 in Evocations
  4224 | D:8      | Reached skill level 8 in Long Blades
  4224 | D:8      | Reached skill level 5 in Dodging
  4261 | D:8      | Found a radiant altar of Vehumet.
  4384 | D:7      | Found a white marble altar of Elyvilon.
  4525 | D:7      | HP: 2/48 [poisoned by a killer bee]
  4544 | D:7      | Found a glowing golden altar of the Shining One.
  4685 | D:7      | Found a shimmering blue altar of Sif Muna.
  4695 | D:7      | Reached skill level 9 in Long Blades
  4695 | D:7      | Reached XP level 9. HP: 47/52 MP: 10/10
  4771 | D:7      | Found a burning altar of Makhleb.
  4771 | D:7      | Noticed a green death
  4830 | D:7      | Noticed a cyclops
  4837 | D:7      | Killed a cyclops
  4838 | D:7      | Reached skill level 5 in Shields
  4895 | D:6      | Noticed a hornet
  4902 | D:6      | Killed a hornet
  4951 | D:6      | Noticed Eustachio
  4978 | D:6      | Killed Eustachio
  4979 | D:6      | Reached skill level 10 in Long Blades
  5013 | D:6      | Found a bloodstained altar of Trog.
  5041 | D:6      | Noticed a +0 falchion
  5041 | D:6      | Noticed a +0 falchion
  5043 | D:6      | Noticed a +0 spear
  5043 | D:6      | Noticed a +0 short sword
  5049 | D:6      | Noticed a +0 spear
  5049 | D:6      | Noticed a +0 short sword
  5050 | D:6      | Noticed a +0 dagger
  5050 | D:6      | Noticed a +0 dagger
  5065 | D:6      | Found a hide-covered altar of Uskayaw.
  5260 | D:6      | Noticed Dowan
  5263 | D:6      | Noticed Duvessa
  5269 | D:6      | Killed Duvessa
  5274 | D:6      | Killed Dowan
  5411 | D:6      | Reached skill level 1 in Stealth
  5536 | D:7      | Noticed a two-headed ogre
  5544 | D:7      | Killed a two-headed ogre
  5545 | D:7      | Reached XP level 10. HP: 56/56 MP: 11/11
  5599 | D:7      | Noticed a brown ugly thing
  5600 | D:7      | Noticed a cyan ugly thing
  5600 | D:7      | Noticed a green ugly thing
  5611 | D:7      | Killed a purple ugly thing
  5618 | D:7      | Killed a cyan ugly thing
  5626 | D:7      | Killed a cyan ugly thing
  5627 | D:7      | Reached skill level 11 in Long Blades
  5637 | D:7      | HP: 2/56 [something (7)]
  5638 | D:7      | Slain by an unseen horror

Illustrated notes

Levels and vault maps discovered:
D:1:      dpeg_arrival_shelter, layout_loops_ring
D:2:      layout_rooms, nicolae_ecumenical_snake_handling
D:3:      layout_loops_ring
D:4:      layout_basic, nicolae_overflow_hidden_temple, kennysheep_small_circle
D:5:      layout_basic, xom_redecorated, nicolae_gozag_seed_capital,
          minmay_temple_entry_statues
D:6:      layout_loops_cross, mainiacjoe_overflow_alcove_2,
          nicolae_uskayaw_en_pointe, uniq_duvessa, uniq_eustachio
D:7:      nzn_winding_woodlands_cross [nzn_winding_woodlands_5x15_cabin,
          nzn_winding_woodlands_5x15_jagged, nzn_winding_woodlands_5x15_zeroes,
          nzn_winding_woodlands_5x15_default,
          nzn_winding_woodlands_15x15_thick_spiral], layout_loops_ring,
          makhleb_altar_promises_db, mainiacjoe_overflow_six_doors_small,
          elyvilon_altar_3, old_standard_altar
D:8:      gammafunk_cloud_chamber, layout_basic, kennysheep_mini_moat,
          mainiacjoe_overflow_small_starburst, dpeg_lair_monsters,
          enter_bailey_4, uniq_joseph
Temple:   jpeg_temple_island

Skill      XL: |  1  2  3  4  5  6  7  8  9 10 |
---------------+-------------------------------+-----
Long Blades    | 4 5 6 7 9 10 11 | 11.0
Dodging        | 4 5 7 |  7.5
Fighting       | 4 |  4.0
Shields        | 1 2 4 6 7 |  7.8
Armour         | 1 2 3 4 |  4.4
Evocations     | 1 2 |  2.2
Stealth        | 1 2 |  2.3

Action                     |  1- 3 |  4- 6 |  7- 9 | 10-12 || total
---------------------------+-------+-------+-------+-------++-------
  Melee: Falchion          |    64 |    34 |       |       ||    98
         Kick              |    19 |    28 |    58 |    13 ||   118
         Peck              |     5 |    21 |    40 |     6 ||    72
         Long sword        |       |    75 |   182 |    26 ||   283
  Evoke: Wand              |       |       |    14 |       ||    14
    Use: Potion            |     1 |       |     2 |       ||     3
         Scroll            |       |     1 |     5 |       ||     6
   Stab: Sleeping          |       |     1 |     4 |       ||     5
         Distracted        |       |       |     2 |       ||     2
 Armour: Robe              |    10 |     9 |    25 |     5 ||    49
         Chain mail        |       |    25 |    35 |       ||    60
  Dodge: Dodged            |    36 |    25 |    83 |     8 ||   152
  Block: Kite shield       |    17 |    34 |    83 |    11 ||   145

Table legend: (Time is in decaauts)
 A = Elapsed time spent in this place.
 B = Non-inter-level travel time spent in this place.
 C = Inter-level travel time spent in this place.
 D = Time resting spent in this place.
 E = Time spent auto-exploring this place.
 F = Levels seen in this place.
 G = Mean time per level.
                   A        B        C        D        E       F      G
               +--------+--------+--------+--------+--------+-----+--------+
         Total |   5416 |   4893 |    523 |      0 |   3670 |   9 |  601.8 |
       Dungeon |   5415 |   4892 |    523 |      0 |   3670 |   8 |  676.9 |
        Temple |      1 |      1 |      0 |      0 |      0 |   1 |    1.0 |
               +--------+--------+--------+--------+--------+-----+--------+

Top non-repeatable levels by time:
     D:4: 1015 daAuts
     D:3: 913 daAuts
     D:1: 715 daAuts
     D:7: 706 daAuts
     D:5: 671 daAuts
     D:2: 621 daAuts
     D:6: 577 daAuts
     D:8: 193 daAuts
  Temple: 1 daAuts
